 Dungeon Crawl Stone Soup version 0.27-a0-404-g4390dbc5be (webtiles) character file.

Game seed: 2450379757707354420

31186 CryoSword the Fighter (level 13, -8/156 HPs)
             Began as a Gnoll Wanderer on Feb 22, 2021.
             Was a Priest of Ashenzari.
             Mangled by a reaper
             ... wielding a +4 scythe of freezing
              (14 damage)
             ... in a Gauntlet.
             The game lasted 01:13:55 (23697 turns).

CryoSword the Fighter (Gnoll Wanderer)             Turns: 23697, Time: 01:13:56

Health: -8/156     AC: 22    Str: 21    XL:     13   Next: 56%
Magic:  23/25      EV: 18    Int: 16    God:    Ashenzari [***...]
Gold:   1195       SH:  6    Dex: 14    Spells: 17/28 levels left

rFire    + . .     SeeInvis +   M - staff of air (curse)
rCold    . . .     Faith    .   S - +0 buckler (curse)
rNeg     . . .     Spirit   .   C - +3 troll leather armour (curse)
rPois    .         Reflect  .   J - +2 helmet {Int+3}
rElec    +         Harm     .   s - +2 cloak of the Thief {*Fog Slay-2 SInv Stlth+} (curse)
rCorr    .         Rampage  .   I - +0 pair of gloves "Siostretz" {rF+ Dex+2} (curse)
Will     .....     NoTele   +   z - +0 pair of boots
Stlth    ..........             u - amulet of magic regeneration
HPRegen  1.36/turn              w - +4 ring of protection (curse)
MPRegen  0.44/turn              n - +6 ring of strength

@: berserking, very quick
A: distributed training, fangs 1, strong nose
a: Renounce Religion, Curse Item, Scrying


You were in a Gauntlet.
You worshipped Ashenzari.
Ashenzari was most pleased with you.
You visited 3 branches of the dungeon, and saw 16 of its levels.
You also visited: Bailey and Gauntlet.

You collected 1812 gold pieces.
You spent 617 gold pieces at shops.

Inventory:

Missiles
 y - 2 throwing nets
 A - 16 boomerangs (quivered)
 H - 38 bolts
 Q - 12 atropa-tipped darts
Armour
 s - the cursed +2 cloak of the Thief (worn) {*Fog Slay-2 SInv Stlth+}
   (You bought it in a shop on level 5 of the Dungeon)

   It affects your accuracy and damage with ranged weapons and melee attacks
   (-2).
   It lets you see invisible.
   It makes you more stealthy.
   It has a curse placed upon it.
 z - a +0 pair of boots (worn)
   (You found it on level 13 of the Dungeon)
 C - a cursed +3 troll leather armour (worn)
   (You found it on level 10 of the Dungeon)
 I - the cursed +0 pair of gloves "Siostretz" (worn) {rF+ Dex+2}
   (You found it on level 7 of the Dungeon)

   It affects your dexterity (+2).
   It protects you from fire.
   It has a curse placed upon it.
 J - a +2 helmet of intelligence (worn)
   (You bought it in a shop on level 5 of the Dungeon)
 S - a cursed +0 buckler (worn)
   (You found it on level 13 of the Dungeon)
Magical Staves
 M - a cursed staff of air (weapon)
   (You found it on level 8 of the Dungeon)
Jewellery
 f - the ring of Igryum {Fire Str+2}
   (You found it in a Gauntlet)

   [ring of fire]

   It enhances your fire magic.
   It affects your strength (+2).
   It protects you from fire.
   It makes you vulnerable to cold.
 n - a +6 ring of strength (right hand)
   (You found it on level 2 of the Dungeon)
 r - a ring of protection from cold
   (You found it on level 1 of the Lair of Beasts)
 u - an amulet of magic regeneration (around neck)
   (You found it on level 4 of the Dungeon)
 w - a cursed +4 ring of protection (left hand)
   (You found it on level 2 of the Dungeon)
 L - a ring of resist corrosion
   (You found it on level 8 of the Dungeon)
 U - a ring of willpower
   (You found it on level 2 of the Lair of Beasts)
Wands
 g - a wand of digging (6)
   (You took it off Jessica on level 3 of the Dungeon)
 x - a wand of acid (8)
   (You found it on level 9 of the Dungeon)
 E - a wand of paralysis (13)
   (You took it off Ijyb on level 4 of the Dungeon)
 N - a wand of iceblast (7)
   (You found it on level 11 of the Dungeon)
Scrolls
 c - 11 scrolls of teleportation {@r4}
 i - 2 scrolls of magic mapping
 l - a scroll of brand weapon
 m - 3 scrolls of summoning
 o - a scroll of torment {!r}
 t - 3 scrolls of fear
 D - a scroll of identify {@r1}
 F - a scroll of vulnerability {!r}
 K - 7 scrolls of enchant weapon
 V - a scroll of blinking
Potions
 b - 2 potions of magic
 d - a potion of resistance
 e - 2 potions of might
 h - 2 potions of brilliance
 j - a potion of attraction {!q}
 k - 2 potions of lignification {!q}
 p - 4 potions of mutation {!q}
 q - 6 potions of curing {@q1}
 G - a potion of ambrosia
 P - 2 potions of cancellation
Miscellaneous
 a - a box of beasts
   (You found it in a Gauntlet)
 B - a condenser vane
   (You found it on level 10 of the Dungeon)


   Skills:
 + Level 10.6 Fighting
 + Level 8.4 Short Blades
 + Level 8.4 Long Blades
 + Level 8.4 Axes
 + Level 8.8 Maces & Flails
 + Level 8.4 Polearms
 + Level 8.4(10.3) Staves
 + Level 8.4 Slings
 + Level 8.4 Bows
 + Level 8.4 Crossbows
 + Level 8.8 Throwing
 + Level 8.8 Armour
 + Level 8.4(10.3) Dodging
 + Level 8.4(10.3) Stealth
 + Level 8.4(10.3) Shields
 + Level 8.4 Unarmed Combat
 + Level 8.4 Spellcasting
 + Level 7.0 Conjurations
 + Level 7.0 Hexes
 + Level 7.0 Summonings
 + Level 7.0 Necromancy
 + Level 7.0 Translocations
 + Level 7.0 Transmutations
 + Level 7.0 Fire Magic
 + Level 7.0 Ice Magic
 + Level 9.0 Air Magic
 + Level 7.0 Earth Magic
 + Level 7.0 Poison Magic
 + Level 9.2 Invocations
 + Level 8.8(10.6) Evocations


You had 17 spell levels left.
You knew the following spells:

 Your Spells              Type           Power        Failure   Level
a - Shock                 Conj/Air       100%         1%          1
b - Swiftness             Air            52%          1%          2
c - Static Discharge      Conj/Air       48%          1%          3
d - Airstrike             Air            26%          3%          4
z - Apportation           Tloc           58%          1%          1

Your spell library contained the following spells:

 Spells                   Type           Power        Failure   Level
 Beastly Appendage        Tmut           58%          1%          1
 Sting                    Tmut/Pois      100%         1%          1
 Lesser Beckoning         Tloc           14%          1%          3
 Ice Form                 Ice/Tmut       29%          7%          4
 Petrify                  Tmut/Erth      29%          7%          4
 Lightning Bolt           Conj/Air       24%          12%         5


Dungeon Overview and Level Annotations

Branches:
Dungeon (13/15)            Temple (1/1) D:7            Lair (2/6) D:9
    Orc (0/2) D:9          Bailey (visited)         Gauntlet (1/1)
  Swamp: Lair:2-4    Shoals: Lair:2-4     Snake: Lair:2-4    Spider: Lair:2-4
 Vaults: D:13-14

Altars:
Ashenzari
Cheibriados
Dithmenos
Elyvilon
Fedhas
Gozag
Hepliaklqana
Kikubaaqudgha
Makhleb
Nemelex Xobeh
Okawaru
Qazlal
Ru
Sif Muna
Trog
Uskayaw
Vehumet
Wu Jian
Xom
Yredelemnul
Zin
The Shining One
Lugonu

Shops:
D:5 *   D:6 (   D:11 *

Portals:
Trove: D:11 (give +3 shadow dragon scales)

Annotations:
Gauntlet 7 transporters


Innate Abilities, Weirdness & Mutations

Your experience applies equally to all skills.
You have very sharp teeth.
Your uncanny sense of smell can sniff out nearby items.


Message History

The fire bat bites you but does no damage.
You feel a surge of power!
The hell hound is struck by an arc of lightning.
The lightning grounds out.
The fire bat is struck by an arc of lightning!
You resist.
You are struck by an arc of lightning.
The hell hound is struck by an arc of lightning.
The fire bat is struck by an arc of lightning.
The hell hound is struck by an arc of lightning.
The lightning grounds out.
The fire bat misses you. x2
You block the fire bat's attack. The fire bat closely misses you.
You block the hell hound's attack.
The fire bat bites you but does no damage.
You feel a surge of power!
The fire bat is struck by an arc of lightning!
You kill the fire bat!
You resist.
You are struck by an arc of lightning.
The hell hound is struck by an arc of lightning!
You kill the hell hound!
You resist.
You are struck by an arc of lightning.
The fire bat is struck by an arc of lightning.
You kill the fire bat!
The lightning grounds out.
The fire bat misses you.
The fire bat bites you but does no damage.
Your condenser vane has recharged.
You miss the fire bat. The fire bat closely misses you.
The fire bat bites you but does no damage.
You hit the fire bat but do no damage.
The fire bat is electrocuted.
The fire bat bites you.
You are engulfed in flames.
You resist.
The fire bat bites you but does no damage.
The fire bat closely misses you.
The fire bat bites you but does no damage. x2
The fire bat closely misses you.
You feel a surge of power!
The fire bat is struck by an arc of lightning!
You resist.
You are struck by an arc of lightning.
The fire bat is struck by an arc of lightning.
The lightning grounds out.
The fire bat is struck by an arc of lightning!
You resist.
You are struck by an arc of lightning.
The fire bat bites you but does no damage. x2
You feel a surge of power!
The fire bat is struck by an arc of lightning.
The lightning grounds out.
The fire bat bites you but does no damage.
The fire bat closely misses you.
The fire bat bites you but does no damage.
The fire bat completely misses you. The fire bat misses you.
You hit the fire bat.
The fire bat is electrocuted.
You kill the fire bat!
You block the fire bat's attack. The fire bat completely misses you.
Your Conjurations skill increases to level 7!
Your Hexes skill increases to level 7!
Your Summonings skill increases to level 7!
Your Necromancy skill increases to level 7!
Your Translocations skill increases to level 7!
Your Transmutations skill increases to level 7!
Your Fire Magic skill increases to level 7!
Your Ice Magic skill increases to level 7!
Your Air Magic skill increases to level 9!
Your Earth Magic skill increases to level 7!
Your Poison Magic skill increases to level 7!
You hit the fire bat.
The fire bat is electrocuted!
You kill the fire bat!
No target in view!
No target in view!
The hell hog breathes fire at you.
The fireball explodes!
The fireball engulfs you. You resist.
You see here the ring of Igryum {Fire Str+2}.
You see here a scroll of torment {!r}.
The hell hog bites you but does no damage.
You see here a hell hound corpse.
You hit the hell hog but do no damage.
The hell hog is electrocuted.
The hell hog closely misses you.
You closely miss the hell hog. The hell hog closely misses you.
You hit the hell hog.
The hell hog is electrocuted!
The hell hog misses you.
You hit the hell hog.
The hell hog is electrocuted!
The hell hog breathes fire at you.
The fireball explodes!
The fireball engulfs you! You resist.
With a swish of your cloak, you release a cloud of fog.
The fireball engulfs the hell hog!
The hell hog resists.
You hit the hell hog but do no damage.
The hell hog is electrocuted!
The hell hog closely misses you.
You hit the hell hog.
The hell hog is electrocuted!
You kill the hell hog!
You start resting.
You start resting.
You see here a scroll of torment {!r}.
f - the ring of Igryum {Fire Str+2} You see here a scroll of torment {!r}.
o - a scroll of torment {!r}
There is a transporter here.
You don't know that spell.
You enter the transporter and appear at another place.
There is a transporter here.
You enter the transporter and appear at another place.
You feel a surge of power!
The zap hits the shadow imp.
The shadow imp shouts!
The zap hits the shadow imp.
You kill the shadow imp!
Aim: a reaper, wielding a +4 scythe of freezing (26% to evade)
You feel a surge of power!
The zap hits the reaper but does no damage.
Aim: a reaper, wielding a +4 scythe of freezing (26% to evade)
You feel a surge of power!
The zap hits the reaper.
You feel a surge of power!
The zap hits the reaper but does no damage. x2
The reaper barely misses you.
You feel a surge of power!
The zap hits the reaper but does no damage.
The zap hits the reaper.
You block the reaper's attack.
You feel a surge of power!
The zap hits the reaper. x2
You feel a surge of power!
The zap hits the reaper.
The zap hits the reaper but does no damage.
The reaper hits you from afar with a +4 scythe of freezing!
With a swish of your cloak, you release a cloud of fog.
The reaper freezes you.
Aim: a reaper, wielding a +4 scythe of freezing (purple smoke, lightly wounded, 26% to evade)
You feel a surge of power!
The zap misses the reaper.
The zap hits the reaper but does no damage.
The reaper hits you from afar with a +4 scythe of freezing!
The reaper freezes you.
Aim: a reaper, wielding a +4 scythe of freezing (purple smoke, lightly wounded, 26% to evade)
You feel a surge of power!
The zap hits the reaper but does no damage.
The zap hits the reaper.
Aim: a reaper, wielding a +4 scythe of freezing (purple smoke, moderately wounded, 26% to evade)
You feel a surge of power!
The zap hits the reaper.
The zap misses the reaper.
The reaper hits you from afar with a +4 scythe of freezing!!
With a swish of your cloak, you release a cloud of fog.
The reaper freezes you!
* * * LOW HITPOINT WARNING * * *
Okay, then.
You feel much better.
The reaper hits you from afar with a +4 scythe of freezing!!!
* * * LOW HITPOINT WARNING * * *
With a swish of your cloak, you release a cloud of fog.
The reaper freezes you!
* * * LOW HITPOINT WARNING * * *
A red film seems to cover your vision as you go berserk!
You feel yourself moving faster!
You feel mighty!
You feel a strong urge to attack something.
The reaper hits you but does no damage.
You barely miss the reaper. You hit the reaper but do no damage.
The reaper is electrocuted.
You hit the reaper but do no damage. You bite the reaper, but do no damage.
The reaper hits you with a +4 scythe of freezing!!
* * * LOW HITPOINT WARNING * * *
The reaper freezes you!
You die...

###≈###≈###≈###≈###≈###≈###≈###≈#
≈#≈≈≈#≈≈≈#≈≈≈#≈≈≈#≈≈≈#≈≈≈#≈≈≈#≈≈≈
.................................
...#########...#########...######
.8.#..##...#.8.#.#..2.5#.8.#.##..
...#.#...###...#.#.###[#...#..##^
####.#..#..#####§###...#####.^.#.
©.©#..#©#.©#©.©#§2§©2.©#©.©#.##.#
...#..#.†#.#...#@###...#...###.#.
...###...#.#...#§#.###!#...##.^##
8©8#...##..#8©8#§#.....#8©8#uu.©#
#################################
.................................
.8⌠8..8∩8..8⌠8...#≈≈≈#≈≈≈#≈≈≈#≈≈≈
................###≈###≈###≈###≈#
################# ### ### ### ###
...............≈#*


You could see a reaper.

Vanquished Creatures
  Josephine (D:12)
  Harold (D:8)
  2 boulder beetles (D:13)
  2 centaur warriors (D:13)
  5 two-headed ogres
  A hell hog (Gauntlet)
  A queen ant (Gauntlet)
  An unseen horror (D:11)
  Pikel (D:7)
  2 orc knights (Bailey)
  A cyclops (D:12)
  A black mamba (Lair:1)
  4 cane toads (Lair:1)
  3 centaur skeletons
  A kobold demonologist (D:13)
  2 komodo dragons
  A hornet (D:10)
  7 trolls
  A polar bear (Lair:1)
  7 slime creatures
  6 blink frogs
  Sigmund (D:3)
  A vampire (D:10)
  A wyvern (D:8)
  7 wraiths
  4 fire bats (Gauntlet)
  A basilisk (D:12)
  3 yaks (Lair:1)
  Grum (D:11)
  6 soldier ants (Gauntlet)
  9 water moccasins
  A hell hound (Gauntlet)
  14 orc warriors
  5 ice beasts
  3 black bears
  4 sky beasts
  4 ogres
  A necrophage (D:11)
  An eye of draining (D:9)
  6 wolves
  10 centaurs
  4 phantoms
  A kobold brigand (D:7)
  11 bullfrogs
  Blork the orc (D:4)
  2 wyvern skeletons
  2 scorpions
  4 killer bees (D:12)
  17 wights
  4 howler monkeys
  3 electric eels
  3 bullfrog zombies
  3 bullfrog skeletons
  8 hounds
  8 jellies
  5 orc priests
  Jessica (D:3)
  3 iguanas
  12 orc wizards
  Ijyb (D:4)
  13 worker ants
  Terence (D:3)
  A killer bee zombie (D:9)
  3 hound skeletons
  A howler monkey zombie (D:7)
  Robin (D:4)
  12 gnolls
  15 adders
  6 shadow imps
  6 white imps
  2 ufetubi
  5 oozes
  An adder skeleton (D:4)
  A worm (D:2)
  3 dart slugs (D:1)
  2 leopard geckos
  59 orcs
  A ball python (D:4)
  5 bats
  5 giant cockroaches
  17 goblins
  5 hobgoblins
  5 jackals
  6 quokkas
  3 frilled lizards
  13 kobolds
  A leopard gecko skeleton (D:8)
  A leopard gecko zombie (D:6)
  3 rats
424 creatures vanquished.

Vanquished Creatures (others)
  A gnoll (D:9)
  A fungus (Lair:1)
  4 plants
6 creatures vanquished.

Grand Total: 430 creatures vanquished

Notes
Turn   | Place    | Note
-------+----------+-------------------------------------------
     0 | D:1      | CryoSword the Gnoll Wanderer began the quest for the Orb.
     0 | D:1      | CryoSword set off with the following items: a +0 club, a
                  | scroll of teleportation {@r4}, a +0 robe; and the following
                  | spells available to memorise: Swiftness, Shock,
                  | Apportation, Static Discharge, Airstrike, Lesser Beckoning,
                  | Lightning Bolt
     0 | D:1      | Reached XP level 1. HP: 23/23 MP: 1/1
   104 | D:1      | Reached XP level 2. HP: 19/29 MP: 2/2
   929 | D:2      | Reached XP level 3. HP: 25/35 MP: 3/3
   931 | D:2      | Learned a level 1 spell: Shock
   934 | D:2      | Learned a level 2 spell: Swiftness
  1165 | D:2      | Reached skill level 1 in Invocations
  1453 | D:2      | Reached skill level 1 in Short Blades
  1453 | D:2      | Reached skill level 1 in Long Blades
  1453 | D:2      | Reached skill level 1 in Axes
  1453 | D:2      | Reached skill level 1 in Polearms
  1453 | D:2      | Reached skill level 1 in Staves
  1453 | D:2      | Reached skill level 1 in Slings
  1453 | D:2      | Reached skill level 1 in Bows
  1453 | D:2      | Reached skill level 1 in Crossbows
  1453 | D:2      | Reached skill level 1 in Dodging
  1453 | D:2      | Reached skill level 1 in Stealth
  1453 | D:2      | Reached skill level 1 in Shields
  1453 | D:2      | Reached skill level 1 in Unarmed Combat
  1453 | D:2      | Reached skill level 1 in Spellcasting
  1735 | D:2      | Reached XP level 4. HP: 38/41 MP: 5/5
  2329 | D:3      | Reached skill level 1 in Conjurations
  2329 | D:3      | Reached skill level 1 in Hexes
  2329 | D:3      | Reached skill level 1 in Summonings
  2329 | D:3      | Reached skill level 1 in Necromancy
  2329 | D:3      | Reached skill level 1 in Translocations
  2329 | D:3      | Reached skill level 1 in Transmutations
  2329 | D:3      | Reached skill level 1 in Fire Magic
  2329 | D:3      | Reached skill level 1 in Ice Magic
  2329 | D:3      | Reached skill level 1 in Earth Magic
  2329 | D:3      | Reached skill level 1 in Poison Magic
  2564 | D:3      | Found an opulent altar of Gozag.
  2697 | D:3      | Reached XP level 5. HP: 43/47 MP: 5/7
  2723 | D:3      | Found a blossoming altar of Fedhas.
  2816 | D:3      | Noticed Sigmund
  2833 | D:3      | Killed Sigmund
  2834 | D:3      | Reached XP level 6. HP: 53/53 MP: 8/8
  2856 | D:3      | Noticed Jessica
  2863 | D:3      | Killed Jessica
  3744 | D:3      | Found a white marble altar of Elyvilon.
  3835 | D:3      | Became a worshipper of Elyvilon the Healer
  4245 | D:3      | Noticed Terence
  4259 | D:3      | Killed Terence
  4352 | D:3      | Reached XP level 7. HP: 59/59 MP: 10/10
  4515 | D:4      | Reached skill level 7 in Fighting
  4858 | D:4      | Noticed Blork the orc
  4891 | D:4      | Killed Blork the orc
  5104 | D:4      | Reached * piety under Elyvilon
  5627 | D:4      | Noticed Ijyb
  5642 | D:4      | Killed Ijyb
  5722 | D:4      | Noticed Robin
  5755 | D:4      | Killed Robin
  6080 | D:5      | Entered Level 5 of the Dungeon
  6080 | D:5      | Found a stormy altar of Qazlal.
  6081 | D:5      | Noticed a water elemental
  6084 | D:5      | Found Repy's General Store.
  6086 | D:5      | Noticed a fire elemental
  6102 | D:5      | Bought the +2 cloak of the Thief {*Fog Slay-2 SInv Stlth+}
                  | for 281 gold pieces
  6102 | D:5      | Found the +2 cloak of the Thief {*Fog Slay-2 SInv Stlth+}
  6132 | D:5      | Found an ornate altar of the Wu Jian Council.
  6133 | D:5      | Reached ** piety under Elyvilon
  6133 | D:5      | Found a sparkling altar of Nemelex Xobeh.
  6147 | D:5      | Reached XP level 8. HP: 33/67 MP: 12/12
  6738 | D:5      | Found a bloodstained altar of Trog.
  7011 | D:5      | Found a glowing golden altar of the Shining One.
  7011 | D:5      | Found a radiant altar of Vehumet.
  7587 | D:5      | Noticed an air elemental
  8795 | D:6      | Found a basalt altar of Yredelemnul.
  8798 | D:6      | Reached *** piety under Elyvilon
  8862 | D:6      | Found a snail-covered altar of Cheibriados.
  9055 | D:6      | Reached XP level 9. HP: 73/73 MP: 9/14
  9081 | D:6      | Found a sparkling altar of Nemelex Xobeh.
  9235 | D:6      | Found Qus Enwuem's Weapon Shoppe.
 10133 | D:7      | Found a staircase to the Ecumenical Temple.
 10174 | D:7      | Reached skill level 5 in Maces & Flails
 10174 | D:7      | Reached skill level 5 in Throwing
 10174 | D:7      | Reached skill level 5 in Armour
 10174 | D:7      | Reached skill level 5 in Evocations
 10700 | D:7      | Reached skill level 8 in Fighting
 10904 | D:7      | Found a sacrificial altar of Ru.
 10934 | D:7      | Reached skill level 5 in Invocations
 11064 | Temple   | Entered the Ecumenical Temple
 11209 | D:7      | Noticed Pikel
 11231 | D:7      | Killed Pikel
 11232 | D:7      | Reached XP level 10. HP: 80/80 MP: 14/17
 11301 | D:7      | Reached **** piety under Elyvilon
 11400 | D:7      | Reached skill level 5 in Short Blades
 11400 | D:7      | Reached skill level 5 in Long Blades
 11400 | D:7      | Reached skill level 5 in Axes
 11400 | D:7      | Reached skill level 5 in Polearms
 11400 | D:7      | Reached skill level 5 in Staves
 11400 | D:7      | Reached skill level 5 in Slings
 11400 | D:7      | Reached skill level 5 in Bows
 11400 | D:7      | Reached skill level 5 in Crossbows
 11400 | D:7      | Reached skill level 5 in Dodging
 11400 | D:7      | Reached skill level 5 in Stealth
 11400 | D:7      | Reached skill level 5 in Shields
 11400 | D:7      | Reached skill level 5 in Unarmed Combat
 11400 | D:7      | Reached skill level 5 in Spellcasting
 11575 | D:7      | Got a pair of translucent gloves
 11586 | D:7      | Identified the +0 pair of gloves "Siostretz" {rF+ Dex+2}
                  | (You found it on level 7 of the Dungeon)
 11725 | D:5      | Bought a +1 helmet of intelligence for 231 gold pieces
 11975 | D:8      | Found a shimmering blue altar of Sif Muna.
 11994 | D:8      | Noticed Harold
 12032 | D:8      | Killed Harold
 13105 | D:8      | Found a blossoming altar of Fedhas.
 13116 | D:8      | You fall into a shaft and drop 2 floors!
 13116 | D:10     | Entered Level 10 of the Dungeon
 13249 | D:9      | Found a blossoming altar of Fedhas.
 13293 | D:9      | Found a broken altar of Ashenzari.
 13302 | D:9      | Fell from the grace of Elyvilon
 13302 | D:9      | Became a worshipper of Ashenzari the Shackled
 13313 | D:9      | Noticed a two-headed ogre
 13969 | D:9      | Noticed a two-headed ogre
 14138 | D:9      | Found a staircase to the Lair.
 14385 | D:9      | Found a staircase to the Orcish Mines.
 15249 | D:9      | Found a staircase to the Orcish Mines.
 15255 | D:9      | Found a broken altar of Ashenzari.
 15288 | D:9      | Found a staircase to the Lair.
 15489 | D:9      | Killed a two-headed ogre
 15490 | D:9      | Reached skill level 9 in Fighting
 15490 | D:9      | Reached XP level 11. HP: 58/89 MP: 15/19
 15703 | D:9      | Killed a two-headed ogre
 15704 | D:9      | Reached skill level 5 in Conjurations
 15704 | D:9      | Reached skill level 5 in Hexes
 15704 | D:9      | Reached skill level 5 in Summonings
 15704 | D:9      | Reached skill level 5 in Necromancy
 15704 | D:9      | Reached skill level 5 in Translocations
 15704 | D:9      | Reached skill level 5 in Transmutations
 15704 | D:9      | Reached skill level 5 in Fire Magic
 15704 | D:9      | Reached skill level 5 in Ice Magic
 15704 | D:9      | Reached skill level 5 in Earth Magic
 15704 | D:9      | Reached skill level 5 in Poison Magic
 15821 | D:9      | Learned a level 4 spell: Airstrike
 15890 | D:9      | Found a blossoming altar of Fedhas.
 17113 | D:10     | Paralysed by a hornet for 1 turns
 17738 | D:10     | Noticed a two-headed ogre
 17762 | D:10     | Killed a two-headed ogre
 18146 | D:11     | Noticed a two-headed ogre
 18209 | D:11     | Found a portal to a secret trove of treasure.
 18257 | D:11     | Noticed a tengu warrior
 18418 | D:11     | Identified the Compendium of Unstable Flight
 19008 | D:5      | Bought a scroll of enchant armour for 105 gold pieces
 19365 | D:11     | Killed a two-headed ogre
 19427 | D:11     | Noticed Grum
 19427 | D:11     | Noticed a two-headed ogre
 19439 | D:11     | Killed a two-headed ogre
 19440 | D:11     | Reached XP level 12. HP: 96/96 MP: 15/22
 19450 | D:11     | Killed Grum
 19640 | D:11     | Found Wosabb's Changing Room.
 19721 | D:12     | Found a flagged portal.
 19821 | D:12     | Reached * piety under Ashenzari
 19926 | Bailey   | Entered a bailey
 20204 | Bailey   | Identified the +1 scale mail of the Crushed Emperors {rF+}
 20349 | Bailey   | Learned a level 1 spell: Apportation
 20636 | D:12     | Noticed Josephine
 20942 | D:12     | Killed Josephine
 20954 | D:12     | Reached skill level 10 in Fighting
 21382 | D:13     | Noticed a centaur warrior
 21451 | D:13     | Noticed a centaur warrior
 21470 | D:13     | Killed a centaur warrior
 21523 | D:13     | Reached ** piety under Ashenzari
 21533 | D:13     | Noticed a boulder beetle
 21536 | D:13     | Noticed a boulder beetle
 21564 | D:13     | Killed a boulder beetle
 21725 | D:13     | Killed a centaur warrior
 21784 | D:13     | Reached XP level 13. HP: 103/103 MP: 24/24
 22181 | Lair:1   | Entered Level 1 of the Lair of Beasts
 22349 | Lair:1   | Learned a level 3 spell: Static Discharge
 23146 | Lair:2   | Reached *** piety under Ashenzari
 23293 | Lair:2   | Found a gate leading to a gauntlet.
 23307 | Gauntlet | Entered a Gauntlet
 23307 | Gauntlet | Found a transporter.
 23307 | Gauntlet | Found a runed translucent door.
 23308 | Gauntlet | Found a runed translucent door.
 23310 | Gauntlet | Found a transporter.
 23314 | Gauntlet | Found a transporter.
 23326 | Gauntlet | Found a transporter.
 23330 | Gauntlet | Found a transporter.
 23334 | Gauntlet | Found a transporter.
 23338 | Gauntlet | Found a transporter.
 23341 | Gauntlet | Noticed a reaper
 23343 | Gauntlet | Identified the ring of Igryum {Fire Str+2}
 23343 | Gauntlet | Found a transporter.
 23346 | Gauntlet | Found a transporter.
 23350 | Gauntlet | Found a transporter.
 23357 | Gauntlet | Noticed a great orb of eyes
 23359 | Gauntlet | Found a transporter.
 23379 | Gauntlet | Found a transporter.
 23404 | Gauntlet | Found a transporter.
 23417 | Gauntlet | Found a transporter.
 23697 | Gauntlet | HP: 6/156 [reaper/+4 scythe of freezing (33)]
 23697 | Gauntlet | Mangled by a reaper

Illustrated notes

Levels and vault maps discovered:
D:1:      amcnicky_arrival_flooded_fountain, layout_basic, minmay_tetromino_i4
D:2:      minmay_evil_eye, layout_loops_corners
D:3:      layout_basic, elyvilon_altar_1, grunt_gozag_breadcrumbs,
          fedhas_altar_2, uniq_jessica, uniq_terence, uniq_sigmund
D:4:      mumra_celtic_spiral_tile, layout_basic, minivault_14, uniq_ijyb,
          uniq_robin, uniq_blork_the_orc
D:5:      layout_rooms, lightli_temple_of_fire, nicolae_overflow_hidden_temple,
          nicolae_qazlal_style_of_elements, amethyst_overflow_temple_binary,
          serial_shops, shop, guppyfry_early_orc_mine
D:6:      layout_basic, cheibriados_altar_1, overflow_temple_1_default,
          serial_shops, nicolae_shop_behind_doors, lemuel_statue_altar
D:7:      layout_rooms, hangedman_ru_absence,
          minmay_temple_entry_drinking_statues, uniq_pikel
D:8:      layout_loops_ring, marbit_many_paths, kennysheep_mini,
          minmay_crystal_water, small_statue_intersection, hangedman_decor_push,
          minmay_increasing_density, uniq_harold
D:9:      layout_roguey, nicolae_overflow_crystal_walls, erik_lair_island,
          orc_0_dummy, basic_altar
D:10:     layout_roguey, grunt_ministairs_13
D:11:     layout_roguey, trove_entry_hex_spiral, nicolae_transmutations_shop,
          uniq_grum
D:12:     layout_cave_pools, enter_bailey_5, nrook_mini_vaults, uniq_josephine
D:13:     layout_big_octagon
Temple:   corrupted_temple
Lair:1:   layout_roguey, grunt_megastairs_1, infiniplex_staircase_pool,
          serial_bayou_shore_b
Lair:2:   layout_roguey, gauntlet_entry_generic, chequers_serial_rivers_micro_a,
          st_stairs_12
Gauntlet: gammafunk_gauntlet_77_escape_option [minmay_gauntlet_arena_77_cramped,
          minmay_gauntlet_arena_77_two_lines, minmay_gauntlet_arena_77_squiggly,
          minmay_gauntlet_arena_77_mirror, minmay_gauntlet_arena_77_fan,
          gauntlet_exit_green]

Skill      XL: |  1  2  3  4  5  6  7  8  9 10 11 12 13 |
---------------+----------------------------------------+-----
Invocations    | 1 2 3 4 5 6 7 8 9 |  9.2
Short Blades   | 1 2 3 4 5 6 7 8 |  8.4
Long Blades    | 1 2 3 4 5 6 7 8 |  8.4
Axes           | 1 2 3 4 5 6 7 8 |  8.4
Polearms       | 1 2 3 4 5 6 7 8 |  8.4
Staves         | 1 2 3 4 5 6 7 8 |  8.4
Slings         | 1 2 3 4 5 6 7 8 |  8.4
Bows           | 1 2 3 4 5 6 7 8 |  8.4
Crossbows      | 1 2 3 4 5 6 7 8 |  8.4
Dodging        | 1 2 3 4 5 6 7 8 |  8.4
Stealth        | 1 2 3 4 5 6 7 8 |  8.4
Shields        | 1 2 3 4 5 6 7 8 |  8.4
Unarmed Combat | 1 2 3 4 5 6 7 8 |  8.4
Spellcasting   | 1 2 3 4 5 6 7 8 |  8.4
Conjurations   | 1 2 3 4 5 6 7 |  7.0
Hexes          | 1 2 3 4 5 6 7 |  7.0
Summonings     | 1 2 3 4 5 6 7 |  7.0
Necromancy     | 1 2 3 4 5 6 7 |  7.0
Translocations | 1 2 3 4 5 6 7 |  7.0
Transmutations | 1 2 3 4 5 6 7 |  7.0
Fire Magic     | 1 2 3 4 5 6 7 |  7.0
Ice Magic      | 1 2 3 4 5 6 7 |  7.0
Earth Magic    | 1 2 3 4 5 6 7 |  7.0
Poison Magic   | 1 2 3 4 5 6 7 |  7.0
Maces & Flails | 3 4 5 6 7 8 |  8.8
Throwing       | 3 4 5 6 7 8 |  8.8
Armour         | 3 4 5 6 7 8 |  8.8
Evocations     | 3 4 5 6 7 8 |  8.8
Fighting       | 7 8 9 10 | 10.6
Air Magic      | 6 7 8 9 |  9.0

Action                   |  1- 3 |  4- 6 |  7- 9 | 10-12 | 13-15 || total
-------------------------+-------+-------+-------+-------+-------++-------
Melee: Hand axe          |    62 |       |       |       |       ||    62
       Bite              |     5 |    14 |    40 |   121 |    28 ||   208
       Dagger            |     3 |   161 |   411 |    93 |       ||   668
       Punch             |       |     1 |     8 |    29 |       ||    38
       Staff             |       |       |       |   707 |   191 ||   898
 Fire: Hand crossbow     |       |       |    12 |       |       ||    12
Throw: Dart              |     2 |       |     9 |       |       ||    11
       Boomerang         |       |       |       |     5 |       ||     5
 Cast: Shock             |       |       |   114 |   447 |    49 ||   610
       Swiftness         |       |       |     1 |     6 |       ||     7
       Airstrike         |       |       |       |     2 |     7 ||     9
       Apportation       |       |       |       |     3 |       ||     3
       Static Discharge  |       |       |       |       |    12 ||    12
Invok: Curse Item        |       |       |       |     7 |       ||     7
Evoke: Wand              |       |       |       |     4 |       ||     4
       Condenser vane    |       |       |       |     2 |       ||     2
  Use: Scroll            |       |     2 |     1 |     9 |     1 ||    13
       Potion            |       |     2 |       |     6 |     2 ||    10
 Stab: Sleeping          |       |     3 |    12 |    24 |     7 ||    46
       Distracted        |       |       |     1 |       |       ||     1
       Paralysed         |       |       |       |     5 |       ||     5
Armor: Robe              |     3 |       |       |       |       ||     3
       Leather armour    |    14 |    44 |   162 |   164 |       ||   384
       Troll leather arm |       |       |       |   210 |    70 ||   280
Dodge: Dodged            |    36 |    86 |   291 |   785 |   143 ||  1341
Block: Buckler           |       |       |       |    25 |    68 ||    93

Table legend: (Time is in decaauts)
 A = Elapsed time spent in this place.
 B = Non-inter-level travel time spent in this place.
 C = Inter-level travel time spent in this place.
 D = Time resting spent in this place.
 E = Time spent auto-exploring this place.
 F = Levels seen in this place.
 G = Mean time per level.
                   A        B        C        D        E       F      G
               +--------+--------+--------+--------+--------+-----+--------+
         Total |  23568 |  21718 |   1850 |   6128 |   9541 |  18 | 1309.3 |
       Dungeon |  21625 |  19818 |   1807 |   5830 |   8803 |  13 | 1663.5 |
        Temple |     47 |     35 |     12 |      0 |     34 |   1 |   47.0 |
          Lair |   1093 |   1063 |     30 |     70 |    580 |   2 |  546.5 |
        Bailey |    426 |    426 |      0 |    134 |      0 |   1 |  426.0 |
      Gauntlet |    375 |    375 |      0 |     94 |    124 |   1 |  375.0 |
               +--------+--------+--------+--------+--------+-----+--------+

Top non-repeatable levels by time:
    D:10: 2621 daAuts
     D:9: 2526 daAuts
     D:4: 2509 daAuts
     D:2: 1999 daAuts
     D:8: 1880 daAuts
     D:6: 1867 daAuts
     D:5: 1854 daAuts
     D:3: 1635 daAuts
     D:7: 1185 daAuts
    D:11: 1028 daAuts
    D:12: 984 daAuts
  Lair:1: 891 daAuts
     D:1: 886 daAuts
    D:13: 645 daAuts
  Bailey: 426 daAuts
